 Dungeon Sprint DCSS version 0.27.1-3-gb3d3a73c9e (webtiles) character file.

Game seed: 14910954384909018908

15199 raph the Minotaur Blade (level 11, -2/171 HPs)
             Began as a Minotaur Berserker on Oct 20, 2021.
             Was a High Priest of Trog.
             Slain by a fire giant (6 damage)
             ... in the Dungeon (Sprint I: "Red Sonja").
             The game lasted 00:11:31 (3752 turns).

raph the Minotaur Blade (Minotaur Berserker)        Turns: 3752, Time: 00:11:31

Health: -2/171     AC: 17    Str: 23    XL:     11   Next: 98%
Magic:  10/10      EV: 17    Int:  4    God:    Trog [*****.]
Gold:   525        SH:  0    Dex: 12    Spells: 10/10 levels left

rFire    . . .     SeeInvis .   a - +11 triple sword "Faisches" {vorpal, rPois}
rCold    . . .     Faith    .   (shield currently unavailable)
rNeg     . . .     Spirit   .   x - +1 ring mail {Will+}
rPois    +         Reflect  .   s - +1 hat
rElec    .         Harm     .   t - +1 cloak
rCorr    .         Rampage  .   v - +2 pair of gloves
Will     +++..     NoTele   +   u - +1 pair of boots
Stlth    ..........             C - amulet of regeneration
HPRegen  2.38/turn              (no ring)
MPRegen  0.12/turn              (no ring)

@: berserking, strong-willed (expiring), regenerating (expiring), very quick
A: horns 2, retaliatory headbutt, deformed body, deterioration 2
a: Renounce Religion, Berserk, Trog's Hand, Brothers in Arms


You were in the Dungeon.
You worshipped Trog.
Trog was extremely pleased with you.
You visited 1 branch You collected 2552 gold pieces.
You spent 2027 gold pieces at shops.

Inventory:

Hand Weapons
 a - the +11 triple sword "Faisches" (weapon) {vorpal, rPois}
   (Trog gifted it to you in the Dungeon)

   It inflicts extra damage upon your enemies.
   rPois:     It protects you from poison.
 b - a +0 longbow
 p - a +0 falchion
 w - a +5 antimagic great sword
 D - a +2 great sword of flaming
Missiles
 o - 56 arrows
 y - 3 curare-tipped darts (quivered)
Armour
 j - a +0 ring mail
 k - a +2 pair of gloves of strength
 n - a +0 animal skin
 s - a +1 hat (worn)
 t - a +1 cloak (worn)
 u - a +1 pair of boots (worn)
 v - a +2 pair of gloves (worn)
 x - a +1 ring mail of willpower (worn)
Jewellery
 C - an amulet of regeneration (around neck)
Scrolls
 h - 3 scrolls of blinking
 m - 2 scrolls of fear
 q - a scroll of amnesia
 B - a scroll of magic mapping
Potions
 c - 4 potions of curing
 d - a potion of heal wounds
 e - 3 potions of haste
 f - 2 potions of magic
 g - a potion of berserk rage
 i - a potion of flight
 l - a potion of resistance
 r - a potion of lignification {unknown}
 z - a potion of brilliance {unknown}
 A - 2 potions of ambrosia


   Skills:
 + Level 16.2 Fighting
 * Level 21.0 Long Blades
 + Level 16.0 Armour
 + Level 14.9 Dodging


You had 10 spell levels left.
You didn't know any spells.
Your spell library was empty.

Dungeon Overview and Level Annotations

Branches:
Dungeon (1/1)

Altars:
Cheibriados
Dithmenos
Elyvilon
Fedhas
Gozag
Hepliaklqana
Kikubaaqudgha
Makhleb
Nemelex Xobeh
Okawaru
Qazlal
Ru
Sif Muna
Trog
Uskayaw
Vehumet
Wu Jian
Xom
Yredelemnul
Zin
The Shining One
Jiyva
Lugonu

Shops:
D ?(:[*((*[*(?(**:=!*[:


Innate Abilities, Weirdness & Mutations

You have a pair of horns on your head.
You reflexively headbutt those who attack you in melee.
Armour fits poorly on your strangely shaped body.
Your body often deteriorates upon taking damage.


Message History

You are too injured to fight recklessly!
You are too injured to fight recklessly!
You are too injured to fight recklessly!
You are too injured to fight recklessly!
You are too injured to fight recklessly!
You feel the effects of Trog's Hand fading.
The fire giant hits you with a +1 great sword of flaming!!
* * * LOW HITPOINT WARNING * * *
The fire giant burns you!
* * * LOW HITPOINT WARNING * * *
You slash the fire giant! Your headbutt misses the fire giant.
The fire giant is moderately wounded.
You chop the fire giant into pieces!!!
You feel the power of Trog in you as your rage grows.
You kill the fire giant!
Trog accepts your kill.
Trog appreciates your killing of a magic user.
The fire giant hits you with a +2 great sword of flaming!
* * * LOW HITPOINT WARNING * * *
The fire giant burns you.
* * * LOW HITPOINT WARNING * * *
You feel your strength returning.
You feel your intelligence returning.
You slash the fire giant!
The fire giant is severely wounded.
You slice the fire giant like a ripe choko!!!
You kill the fire giant!
Trog accepts your kill.
Trog appreciates your killing of a magic user.
The fire giant hits you but does no damage.
Your Fighting skill increases to level 16!
Your Long Blades skill increases to level 21!
Your Armour skill increases to level 16!
You slash the fire giant!
The fire giant is heavily wounded.
Your ring mail prevents you from hitting the fire giant.
The fire giant is heavily wounded.
The fire giant hits you with a +0 great sword of flaming!
* * * LOW HITPOINT WARNING * * *
The fire giant burns you.
You die...

#'###^,,*^,,,,#..###$#,,≈,**+*,,,
#.'.#,,,***++*#.##..$#,,≈**,,,,^,
###.#,,***,,**#..#+###,,≈*,,,,,,,
∩##.#,^****,,*##...#,≈,,**,,,,,^,
###§#*+*,,*,,*,###.#,≈,,*,,,,,,,,
.##.#*,*,,,,,,,,,#.#**,,*,,,,,,,,
÷.§§#***,,,,,,,,,#.#,+,,**,^^^,^,
###.#,,+,,,,,,####'#,**'**,,,,,,,
..#.#****,,,###C@..#,*≈≈≈**,,,,,,
§#'§#,,,****#..)####,*≈≈≈≈**,,,,,
§####,,,......###,^^,*≈≈≈≈≈******
≈#*,,,,,..###**,^,,****≈≈≈≈*≈≈≈≈≈
##*,,,,,,**^,,,,,^,*,,*'≈≈≈'≈≈,≈≈
# *,,,,,**,^^^,^,,,*,,,**≈≈*≈≈≈≈≈
##*,,,,,*,^,,,^,^,^*,,,,******'**
∩#***********,,,^,,*,,,,*≈≈≈≈≈≈≈≈
##*≈≈≈≈≈≈≈≈,*,^^^,,*******≈≈≈≈≈≈≈


You could see a fire giant.

Vanquished Creatures
  2 fire giants (D)
  2 centaur warriors (D)
  Sonja (D)
  A deep troll (D)
  A lindwurm (D)
  2 shining eyes (D)
  An oklob plant (D)
  7 unseen horrors (D)
  A demonic crawler (D)
  2 kobold demonologists (D)
  A hornet (D)
  A slime creature (D)
  Sigmund (D)
  2 redbacks (D)
  A yak (D)
  13 hogs (D)
  6 floating eyes (D)
  6 necrophages (D)
  An ogre (D)
  7 jellies (D)
  Ijyb (D)
60 creatures vanquished.

Vanquished Creatures (collateral kills)
  6 shining eyes (D)
  3 demonic crawlers (D)
  A necrophage (D)
  A jelly (D)
11 creatures vanquished.

Vanquished Creatures (others)
  A gargoyle (D)
  2 ballistomycete spores (D)
3 creatures vanquished.

Grand Total: 74 creatures vanquished

Notes
Turn   | Place    | Note
-------+----------+-------------------------------------------
     0 | D        | raph the Minotaur Berserker began the quest for the Orb.
     0 | D        | Reached XP level 1. HP: 19/19 MP: 0/0
     1 | D        | Noticed Ijyb
     7 | D        | Killed Ijyb
     8 | D        | Reached skill level 5 in Long Blades
     8 | D        | Reached XP level 2. HP: 28/28 MP: 1/1
    70 | D        | Noticed an ogre
    73 | D        | Killed an ogre
    74 | D        | Reached skill level 7 in Long Blades
    74 | D        | Reached skill level 5 in Armour
    74 | D        | Reached XP level 3. HP: 33/37 MP: 2/2
    74 | D        | Reached XP level 4. HP: 40/44 MP: 3/3
   196 | D        | Noticed Sigmund
   202 | D        | Killed Sigmund
   202 | D        | Reached ** piety under Trog
   203 | D        | Reached skill level 10 in Long Blades
   203 | D        | Reached XP level 5. HP: 43/53 MP: 4/4
   203 | D        | Reached XP level 6. HP: 49/61 MP: 5/5
   337 | D        | Found a burning altar of Makhleb.
   337 | D        | Found a shimmering altar of Xom.
   337 | D        | Noticed a slime creature
   344 | D        | Killed a slime creature
   345 | D        | Reached skill level 11 in Long Blades
   378 | D        | Found a viscous altar of Jiyva.
   378 | D        | Found a corrupted altar of Lugonu.
   392 | D        | Found a shimmering blue altar of Sif Muna.
   393 | D        | Found an ornate altar of the Wu Jian Council.
   394 | D        | Found a radiant altar of Vehumet.
   555 | D        | Found Xuosh's Armour Emporium.
   555 | D        | Found an ancient bone altar of Kikubaaqudgha.
   555 | D        | Found a hazy altar of Hepliaklqana.
   555 | D        | Found a hide-covered altar of Uskayaw.
   555 | D        | Found a basalt altar of Yredelemnul.
   555 | D        | Found an opulent altar of Gozag.
   555 | D        | Found a snail-covered altar of Cheibriados.
   555 | D        | Found a sacrificial altar of Ru.
   555 | D        | Found a shadowy altar of Dithmenos.
   555 | D        | Noticed a yak
   559 | D        | Killed a yak
   559 | D        | Reached *** piety under Trog
   560 | D        | Reached skill level 12 in Long Blades
   560 | D        | Reached XP level 7. HP: 70/70 MP: 6/6
   599 | D        | Found a stormy altar of Qazlal.
   599 | D        | Found a blossoming altar of Fedhas.
   599 | D        | Found a bloodstained altar of Trog.
   599 | D        | Found an iron altar of Okawaru.
   599 | D        | Found a glowing golden altar of the Shining One.
   599 | D        | Found a glowing silver altar of Zin.
   599 | D        | Found a white marble altar of Elyvilon.
   600 | D        | Found a sparkling altar of Nemelex Xobeh.
   604 | D        | Bought a +2 pair of gloves of strength for 279 gold pieces
   618 | D        | Noticed a centaur warrior
   619 | D        | Noticed a centaur warrior
   639 | D        | Noticed a kobold demonologist
   639 | D        | Noticed a kobold demonologist
   641 | D        | Noticed a sixfirhy
   648 | D        | Killed a kobold demonologist
   649 | D        | Reached skill level 10 in Fighting
   649 | D        | Reached skill level 13 in Long Blades
   651 | D        | Noticed a hellwing
   659 | D        | Killed a kobold demonologist
   659 | D        | Reached **** piety under Trog
   660 | D        | Reached skill level 10 in Armour
   660 | D        | Reached XP level 8. HP: 20/80 MP: 7/7
   963 | D        | Killed a centaur warrior
   964 | D        | Reached skill level 14 in Long Blades
   964 | D        | Reached skill level 10 in Dodging
   972 | D        | Killed a centaur warrior
   973 | D        | Reached skill level 15 in Long Blades
   973 | D        | Reached XP level 9. HP: 80/90 MP: 8/8
  1391 | D        | Noticed an oklob plant
  1399 | D        | Killed an oklob plant
  1400 | D        | Reached skill level 16 in Long Blades
  1723 | D        | Reached ***** piety under Trog
  1798 | D        | Killed an unseen horror
  1802 | D        | Killed an unseen horror
  1803 | D        | Reached XP level 10. HP: 42/100 MP: 9/9
  1834 | D        | Killed a gargoyle
  2110 | D        | Reached skill level 17 in Long Blades
  2441 | D        | Found Kaaleamoi's Assorted Antiques.
  2441 | D        | Paralysed by a floating eye for 3 turns
  2452 | D        | Identified the +11 triple sword "Faisches" {vorpal, rPois}
                  | (Trog gifted it to you in the Dungeon)
  2452 | D        | Received a gift from Trog
  2517 | D        | Found Nemops's Distillery.
  2518 | D        | Found Cyntofah's Antique Armour Boutique.
  2518 | D        | Found Koezuas's General Store.
  2519 | D        | Found Ruythry's Book Emporium.
  2537 | D        | Identified the +3 hunting sling of Arbitration {freeze,
                  | rF++ Int+2}
  2557 | D        | Found Poigis's Antique Weapon Shop.
  2559 | D        | Found Hyaczuwn's Assorted Antiques.
  2559 | D        | Found Pearisiz's Weapon Shop.
  2559 | D        | Found Bayluca's Magic Scroll Shoppe.
  2559 | D        | Found Cianomiu's Weapon Boutique.
  2559 | D        | Found Piralub's Assorted Antiques.
  2559 | D        | Found Wicwul's Assorted Antiques.
  2559 | D        | Found Uwevoin's Book Shoppe.
  2562 | D        | Found Caocwor's Jewellery Boutique.
  2573 | D        | Bought a scroll of magic mapping for 49 gold pieces
  2584 | D        | Bought 2 potions of haste for 200 gold pieces
  2584 | D        | Bought a scroll of acquirement for 520 gold pieces
  2584 | D        | Acquired 657 gold pieces
  2591 | D        | Bought 2 scrolls labelled PUTHRI WID EME for 32 gold pieces
  2591 | D        | Bought a scroll labelled PUTHRI WID EME for 16 gold pieces
  2591 | D        | Bought a scroll of identify for 32 gold pieces
  2591 | D        | Bought a blue potion for 14 gold pieces
  2597 | D        | Bought a scroll labelled GOFUMU YZEABUMM for 18 gold pieces
  2601 | D        | Bought a scroll of identify for 28 gold pieces
  2601 | D        | Bought a scroll of identify for 28 gold pieces
  2605 | D        | Bought a cloak for 99 gold pieces
  2605 | D        | Bought a pair of boots for 99 gold pieces
  2605 | D        | Bought a pair of gloves for 99 gold pieces
  2628 | D        | Bought an amulet of regeneration for 300 gold pieces
  2718 | D        | Noticed a deep troll
  2720 | D        | Killed a deep troll
  2881 | D        | Found Nagitar's Armour Emporium.
  2893 | D        | Noticed Sonja
  2897 | D        | Killed Sonja
  2915 | D        | Found Onownan's Magic Scroll Boutique.
  2923 | D        | Bought a scroll of blinking for 90 gold pieces
  2923 | D        | Bought a scroll of blinking for 90 gold pieces
  2975 | D        | Noticed a shining eye
  2975 | D        | Noticed a shining eye
  2975 | D        | Noticed a shining eye
  2979 | D        | Paralysed by a floating eye for 3 turns
  2982 | D        | Received a gift from Trog
  2982 | D        | Killed a shining eye
  2983 | D        | Noticed a shining eye
  2984 | D        | Gained mutation: Armour fits poorly on your strangely
                  | shaped body. [a shining eye]
  2985 | D        | Reached skill level 18 in Long Blades
  2985 | D        | Noticed a shining eye
  2986 | D        | Killed a shining eye
  2988 | D        | Killed a shining eye
  2989 | D        | Killed a shining eye
  2990 | D        | Killed a shining eye
  2991 | D        | Noticed a shining eye
  2992 | D        | Noticed a shining eye
  2992 | D        | Noticed a shining eye
  2995 | D        | Killed a shining eye
  2995 | D        | Reached ****** piety under Trog
  2996 | D        | Reached XP level 11. HP: 111/111 MP: 10/10
  2996 | D        | Received a gift from Trog
  2996 | D        | Gained mutation: Your body sometimes deteriorates upon
                  | taking damage. [a shining eye]
  2998 | D        | Killed a shining eye
  2998 | D        | Gained mutation: Your body often deteriorates upon taking
                  | damage. [a shining eye]
  3002 | D        | Killed a shining eye
  3234 | D        | Found Empuohoy's Assorted Antiques.
  3234 | D        | Found Nofinoicva's Weapon Boutique.
  3235 | D        | Found Xylo's Antique Weapon Shoppe.
  3235 | D        | Found Gupsuap's Book Emporium.
  3249 | D        | Bought 2 fizzy coppery potions for 34 gold pieces
  3292 | D        | Reached skill level 19 in Long Blades
  3440 | D        | Noticed a lindwurm
  3447 | D        | Killed a lindwurm
  3492 | D        | Reached skill level 15 in Fighting
  3495 | D        | Received a gift from Trog
  3503 | D        | Reached skill level 15 in Armour
  3508 | D        | Received a gift from Trog
  3627 | D        | Noticed a daeva
  3636 | D        | Reached skill level 20 in Long Blades
  3723 | D        | Received a gift from Trog
  3734 | D        | Noticed a fire giant
  3735 | D        | Noticed a fire giant
  3736 | D        | Noticed a fire giant
  3748 | D        | Killed a fire giant
  3750 | D        | Killed a fire giant
  3751 | D        | Reached skill level 21 in Long Blades
  3752 | D        | HP: 4/171 [fire giant (14)]
  3752 | D        | Slain by a fire giant

Illustrated notes

Levels and vault maps discovered:
D:        dungeon_sprint_1 [red_sonja_temple_1, red_sonja_temple_small_1]

Skill      XL: |  1  2  3  4  5  6  7  8  9 10 11 |
---------------+----------------------------------+-----
Fighting       | 4 6 7 9 10 11 12 14 16 | 16.2
Long Blades    | 5 7 10 12 13 15 16 18 21 | 21.0
Armour         | 3 5 7 8 10 11 12 14 16 | 16.0
Dodging        | 3 4 6 8 9 10 11 13 14 | 14.9

Action                   |  1- 3 |  4- 6 |  7- 9 | 10-12 || total
-------------------------+-------+-------+-------+-------++-------
Melee: Falchion          |     7 |    12 |    69 |    30 ||   118
       Headbutt          |     3 |     6 |    17 |    28 ||    54
       Triple sword      |       |       |       |    74 ||    74
Invok: Berserk           |     2 |     4 |     5 |     5 ||    16
       Brothers in Arms  |       |       |       |     6 ||     6
       Trog's Hand       |       |       |       |     1 ||     1
  Use: Scroll            |       |       |     1 |    12 ||    13
Armor: Ring mail         |       |       |    31 |    47 ||    78
Dodge: Dodged            |       |     3 |    44 |    82 ||   129
       Rpst.: Falchion   |       |       |     6 |     2 ||     8
       Triple sword      |       |       |       |     6 ||     6
